 Dungeon Crawl Stone Soup version 0.31-a0-145-g046c7d2549 (webtiles) character file.

Game seed: 9216678150158958935

91 qw the Shooter (level 4, -3/38 HPs)
             Began as a Minotaur Hunter on June 7, 2023.
             Slain by an orc
             ... wielding a +0 trident
              (7 damage)
             ... on level 3 of the Dungeon.
             The game lasted 00:00:36 (1663 turns).

qw the Shooter (Minotaur Hunter)                    Turns: 1663, Time: 00:00:37

Health: -3/38      AC:  5    Str: 16    XL:     4   Next: 33%
Magic:  3/3        EV: 11    Int:  6    God:
Gold:   126        SH:  0    Dex: 15    Spells: 3/3 levels left

rFire   . . .        Y - +0 shortbow
rCold   . . .        (shield currently unavailable)
rNeg    + . .        e - +0 ring mail
rPois   .            (helmet restricted)
rElec   .            (no cloak)
rCorr   .            (no gloves)
SInv    .            (no boots)
Will    .....        b - amulet of regeneration Stlth
                     d - ring of positive energy
HPRegen 1.06/turn    (no ring)
MPRegen 0.08/turn

%: no passive effects
@: confused
A: horns 2, retaliatory headbutt
a: no special abilities


You were on level 3 of the Dungeon.
You visited 1 branch of the dungeon, and saw 3 of its levels.

You collected 126 gold pieces.


Innate Abilities, Weirdness & Mutations

You have a pair of horns on your head.
You reflexively headbutt those who attack you in melee.


   Skills:
 + Level 3.2 Fighting
 - Level 6.0 Ranged Weapons
 - Level 1.0 Armour
 - Level 2.1 Dodging
 - Level 0.7 Stealth


You had 3 spell levels left.
You didn't know any spells.
Your spell library was empty.

Inventory:

Hand Weapons
 Y - a +0 shortbow (weapon)
Armour
 e - a +0 ring mail (worn)
Jewellery
 b - an amulet of regeneration (around neck)
 d - a ring of positive energy (left hand)
Scrolls
 a - 2 scrolls of identify

Dungeon Overview and Level Annotations

Branches:
Dungeon (3/15)

Altars:


Message History

The orc hits you from afar with a +0 trident!
You shoot an arrow. The arrow hits the orc wizard.
The orc wizard is heavily wounded.
The orc wizard gestures wildly while chanting.
The orc wizard flickers and vanishes!
The orc closely misses you.
You shoot an arrow.
The arrow hits the orc but does no damage.
You hear some strange, mumbled words.
You are confused.
The orc closely misses you. Something hits you but does no damage.
A magic dart appears from out of thin air!
The magic dart hits you! Something hits you but does no damage.
The orc hits you from afar with a +0 trident.
Something hits you. The orc barely misses you.
You hear some strange, mumbled words.
Something tries to affect you, but you resist.
Something hits you. The orc barely misses you.
The orc hits you from afar with a +0 trident.
You hear some strange, mumbled words.
You are more confused.
Something hits you but does no damage. Something hits you.
Something hits you but does no damage. The orc closely misses you.
Something hits you. Something hits you but does no damage.
The orc hits you from afar with a +0 trident.
Something hits you. x2
The orc hits you from afar with a +0 trident.
Something hits you.
You hear some strange, mumbled words.
You are more confused.
The orc hits you from afar with a +0 trident.
The orc barely misses you. Something hits you but does no damage.
Something hits you. Something hits you. Something hits you but does no damage.
The orc misses you.
You hear some strange, mumbled words.
Something tries to affect you, but you resist.
Something hits you but does no damage. The orc barely misses you.
Something hits you. Something hits you but does no damage.
The orc hits you from afar with a +0 trident!
You die...

+.##.####
#.......#
#.##.##.#####
#.##.)......#
#....)#.###.#
#.###>#.###.#
#.# #.#..##.#
+#######.#
#.##.##.#
..)..o{@.#
#.##.##.#
.......{.#
#.......#
#.......##
#.#######
#.......# #.#
#.......# #.#
######### #)#
#.# #.# #.#


You could see an orc.

Vanquished Creatures
  Ijyb (D:3)
  An adder (D:2)
  2 worms
  An orc (D:3)
  4 ball pythons (D:1)
  8 endoplasms
  3 giant cockroaches
  3 goblins
  6 hobgoblins
  2 jackals (D:1)
  A quokka (D:2)
  2 bats
  3 frilled lizards
  6 kobolds
  2 rats (D:1)
45 creatures vanquished.

Notes
Turn   | Place    | Note
-------+----------+-------------------------------------------
     0 | D:1      | qw the Minotaur Hunter began the quest for the Orb.
     0 | D:1      | Reached XP level 1. HP: 18/18 MP: 0/0
     0 | D:1      | 0 ||| qw: Version: 0.2-a-117-gc6b5c8b
     0 | D:1      | 0 ||| qw: Game counter: 2491
     0 | D:1      | 0 ||| qw: Always use a shield: true
     0 | D:1      | 0 ||| qw: God list: Okawaru
     0 | D:1      | 0 ||| qw: Allow faded altars: false
     0 | D:1      | 0 ||| qw: Do Orc after D:15 true
     0 | D:1      | 0 ||| qw: Do second Lair branch before Depths: true
     0 | D:1      | 0 ||| qw: Lair rune preference: random
     0 | D:1      | 0 ||| qw: Plans: Normal
     0 | D:1      | 0 ||| PLANNING D:1-11
   125 | D:1      | Reached XP level 2. HP: 25/25 MP: 1/1
   149 | D:1      | Reached skill level 5 in Ranged Weapons
   283 | D:1      | Reached skill level 3 in Fighting
   638 | D:1      | 638 ||| UPGRADING to +0 ring mail.
   648 | D:1      | 648 ||| DROPPING +0 leather armour.
   649 | D:1      | 649 ||| UPGRADING to ring of positive energy.
   650 | D:1      | 650 ||| READING scroll labelled IFU DIUNTAI.
   751 | D:1      | 751 ||| READING scroll labelled PESAWE LIEPS.
   752 | D:1      | 752 ||| READING scroll labelled LUUTEL FYEROSH.
   753 | D:1      | 753 ||| DROPPING scroll of butterflies.
   805 | D:2      | Reached XP level 3. HP: 31/31 MP: 2/2
  1067 | D:2      | Reached skill level 1 in Armour
  1406 | D:2      | 1406 ||| UPGRADING to amulet of regeneration.
  1411 | D:2      | 1411 ||| READING scroll labelled IRGHOSHR XIEMPEECO.
  1412 | D:2      | 1412 ||| READING 2 scrolls of identify.
  1412 | D:2      | 1412 ||| IDENTIFYING inky potion
  1413 | D:2      | 1413 ||| DROPPING potion of brilliance.
  1547 | D:3      | Noticed Ijyb
  1551 | D:3      | Paralysed by Ijyb for 3 turns
  1568 | D:3      | Killed Ijyb
  1569 | D:3      | Reached skill level 6 in Ranged Weapons
  1569 | D:3      | Reached XP level 4. HP: 38/38 MP: 3/3
  1658 | D:3      | HP: 9/38 [something (2)]
  1658 | D:3      | HP: 3/38 [orc/+0 trident (3)]
  1663 | D:3      | HP: 4/38 [something (1)]
  1663 | D:3      | Slain by an orc

Levels and vault maps discovered:
D:1:      dpeg_arrival_rooms_with_view, layout_loops_cross
D:2:      layout_basic, minmay_stone_trees_large,
          corexii_item_surrounded_by_moat
D:3:      layout_loops_cross, nicolae_ru_path_of_blood, minmay_door_square,
          minmay_misc_feat_cross, uniq_jessica, uniq_ijyb

Skill      XL: |  1  2  3 |
---------------+----------+-----
Ranged Weapons | 5 6 |  6.0
Fighting       | 3 |  3.2
Armour         | 1 |  1.0
Dodging        | |  2.1
Stealth        | |  0.7

Action                     |  1- 3 |  4- 6 || total
---------------------------+-------+-------++-------
   Fire: Shortbow          |   118 |    16 ||   134
    Use: Scroll            |     5 |       ||     5
 Armour: Leather armour    |     6 |       ||     6
         Ring mail         |     7 |     9 ||    16
  Dodge: Dodged            |    28 |     8 ||    36

Table legend:
 A = Non-vault XP
 B = Vault XP
 C = Vault XP percentage of total XP
 D = Non-vault monster count
 E = Vault monster count
 F = Vault count percentage of total count
                 A         B        C        D         E       F
            +---------+---------+-------+---------+---------+-------
      Total |      90 |      40 |  30.8 |      42 |       3 |   6.7
            +---------+---------+-------+---------+---------+-------
        D:1 |      34 |       4 |  10.5 |      21 |       2 |   8.7
        D:2 |      35 |       0 |   0.0 |      12 |       0 |   0.0
        D:3 |      21 |      36 |  63.2 |       9 |       1 |  10.0
            +---------+---------+-------+---------+---------+-------
